 Dungeon Crawl Stone Soup version 0.24-a0-67-ga78bd38 (console) character file.

Game seed: 8617347139219307645

68 Duffy the Ruffian (level 4, 16/35 HPs)
             Began as a Draconian Transmuter on Feb 5, 2019.
             Quit the game on level 4 of the Dungeon.
             The game lasted 00:01:13 (711 turns).

Duffy the Ruffian (Draconian Transmuter)             Turns: 711, Time: 00:01:13

Health: 16/35      AC:  5    Str: 13    XL:     4   Next: 1%
Magic:  15/16      EV: 12    Int: 14    God:
Gold:   40         SH:  0    Dex: 16    Spells: 1/7 levels left

rFire    . . .     SeeInvis .     - Unarmed
rCold    . . .     Gourm    .   (no shield)
rNeg     . . .     Faith    .   (armour unavailable)
rPois    .         Spirit   .   (helmet restricted)
rElec    .         Reflect  .   (no cloak)
rCorr    .         Harm     .   (no gloves)
MR       .....                  (no boots)
Stlth    +.........             (no amulet)
HPRegen  0.11/turn              e - +5 ring of dexterity
MPRegen  0.15/turn              h - ring of magical power

@: quite poisoned (16 -> 9)
A: unfitting armour, cold-blooded, AC +5
a: no special abilities


You were on level 4 of the Dungeon.
You were not hungry.

You visited 1 branch of the dungeon, and saw 4 of its levels.

You collected 40 gold pieces.

Inventory:

Missiles
 a - 12 arrows
Jewellery
 e - a +5 ring of dexterity (left hand)
 h - a ring of magical power (right hand)
 l - an uncursed ring of protection from cold
Scrolls
 b - a scroll of enchant armour {unknown}
 f - a scroll of identify {unknown}
 k - a scroll of fog {unknown}
Potions
 g - a potion of brilliance {unknown}
 i - a potion of degeneration {unknown}
 j - a potion of might {unknown}
Comestibles
 c - 4 rations
 d - 3 chunks of flesh


   Skills:
 - Level 1.1 Fighting
 - Level 1.7 Dodging
 + Level 3.9 Unarmed Combat
 + Level 2.2 Spellcasting
 - Level 3.0 Transmutations
 + Level 0.9 Poison Magic


You had one spell level left.
You knew the following spells:

 Your Spells              Type           Power        Failure   Level  Hunger
h - Beastly Appendage     Tmut           #.....       7%          1    #......
j - Sticks to Snakes      Tmut           #.......     11%         2    ###....
k - Spider Form           Tmut/Pois      #.........   30%         3    ###....

Your spell library contained the following spells:

 Spells                   Type           Power        Failure   Level  Hunger
 Ice Form                 Ice/Tmut       #.......     77%         4    #####..
 Blade Hands              Tmut           #.........   88%         5    ######.


Dungeon Overview and Level Annotations

Branches:
Dungeon (4/15)
 Temple: D:4-7

Altars:


Innate Abilities, Weirdness & Mutations

Your plain brown scales are hard. (AC +5)
You cannot fit into any form of body armour.
You are cold-blooded and may be slowed by cold attacks.


Message History

The worker ant is severely wounded.
You feel sick. The worker ant closely misses you.
The jackal bites you but does no damage.
The frilled lizard barely misses you. The worker ant closely misses you.
You completely miss the worker ant.
Your tail-slap misses the worker ant.
The worker ant is severely wounded.
You feel sick. The jackal misses you. The frilled lizard barely misses you.
The jackal closely misses you. The worker ant barely misses you.
You barely miss the worker ant.
The worker ant is severely wounded.
The jackal closely misses you. The frilled lizard barely misses you.
The worker ant closely misses you.
You hit the worker ant but do no damage.
The worker ant is heavily wounded.
You feel sick.
The jackal bites you but does no damage.
A rat comes into view.
The worker ant bites you. The frilled lizard barely misses you.
The jackal bites you.
Are you sure you want to abandon this character and quit the game? (Confirm with "yes".)

#......##
#.......#
#.......#
#.......#
#.......# ...
#.......+....
#...l..# ...#
#(.@h..# ...####
###a#### .......
#....<.##<......
#....r..........
#.........!.)...
#...............
#......##.......
######+# $.....>
...###.


You could see a worker ant, a jackal, a frilled lizard and a rat (wandering).

Vanquished Creatures
  A hound skeleton (D:4)
  4 adders
  A dart slug (D:3)
  A leopard gecko (D:2)
  A ball python (D:3)
  A bat (D:3)
  A giant cockroach (D:3)
  2 goblins (D:3)
  2 hobgoblins (D:3)
  A jackal (D:4)
  2 kobolds (D:3)
  A rat (D:4)
18 creatures vanquished.

Notes
Turn   | Place    | Note
-------+----------+-------------------------------------------
     0 | D:1      | Duffy the Draconian Transmuter began the quest for the Orb.
     0 | D:1      | Reached XP level 1. HP: 16/16 MP: 3/3
    32 | D:2      | Reached XP level 2. HP: 20/23 MP: 3/5
    78 | D:2      | Learned a level 2 spell: Sticks to Snakes
   444 | D:3      | Reached XP level 3. HP: 28/28 MP: 6/6
   456 | D:3      | Learned a level 3 spell: Spider Form
   698 | D:4      | Reached XP level 4. HP: 27/35 MP: 7/7
   711 | D:4      | Quit the game

Vault maps used:
D:1:      ebering_trefoil_twist
D:2:      makhleb_grotto_becter, lemuel_coloured_pillars_altar, hex_medium,
          uniq_sigmund
D:3:      first_ration
D:4:      temple_statues, cheibrodos_sewer_entry_drain, serial_park_tiny_1

Skill      XL: |  1  2  3 |
---------------+----------+-----
Transmutations | 3 |  3.0
Fighting       | |  1.1
Dodging        | |  1.7
Unarmed Combat | |  3.9
Spellcasting   | |  2.2
Poison Magic   | |  0.9

Action                   |  1- 3 |  4- 6 || total
-------------------------+-------+-------++-------
Melee: Unarmed           |    60 |    12 ||    72
       Tailslap          |     6 |       ||     6
       Punch             |     1 |       ||     1
       Headbutt          |     2 |       ||     2
       Kick              |     1 |       ||     1
 Cast: Beastly Appendage |     5 |       ||     5
       Spider Form       |     1 |       ||     1
 Stab: Sleeping          |     2 |       ||     2
Armor: Skin              |    13 |     6 ||    19
Dodge: Dodged            |    62 |    29 ||    91

Table legend:
 A = Non-vault XP
 B = Vault XP
 C = Vault XP percentage of total XP
 D = Non-vault monster count
 E = Vault monster count
 F = Vault count percentage of total count
                 A         B        C        D         E       F
            +---------+---------+-------+---------+---------+-------
      Total |      97 |       1 |   1.0 |      17 |       1 |   5.6
            +---------+---------+-------+---------+---------+-------
        D:2 |      16 |       0 |   0.0 |       2 |       0 |   0.0
        D:3 |      61 |       0 |   0.0 |      13 |       0 |   0.0
        D:4 |      20 |       1 |   4.8 |       2 |       1 |  33.3
            +---------+---------+-------+---------+---------+-------
